 Dungeon Crawl Stone Soup version 0.32-a0-975-g85d4e5bfdb (webtiles) character file.

Game seed: 6220518469524509844

749 DEFE the Chopper (level 7, -4/52 HPs)
             Began as a Coglin Fighter on Apr 18, 2024.
             Was an Initiate of Gozag.
             Slain by a two-headed ogre
             ... wielding a +0 giant spiked club
              (12 damage)
             ... on level 5 of the Dungeon.
             The game lasted 00:03:17 (4258 turns).

DEFE the Chopper (Coglin Fighter)                   Turns: 4258, Time: 00:03:17

Health: -4/52      AC:  6    Str: 19    XL:     7   Next: 77%
Magic:  7/7        EV:  8    Int:  7    God:    Gozag
Gold:   371        SH:  0    Dex: 13    Spells: 6/6 levels left

rFire   . . .        x - +0 hand axe {Balvinder}
rCold   . . .        i - +0 broad axe {Myungok}
rNeg    . . .        b - +0 scale mail
rPois   .            (no helmet)
rElec   .            (no cloak)
rCorr   .            (no gloves)
SInv    .            (no boots)
Will    .....        (amulet unavailable) Stlth
                     (ring unavailable)
HPRegen 0.28/turn    (ring unavailable)
MPRegen 0.10/turn    (no gizmo)

%: no passive effects
@: gold aura, revved
A: off-hand wielding, slow wielding, warmup strikes, no jewellery
a: Invent Gizmo, Renounce Religion, Potion Petition, Call Merchant, Bribe Branch


You were on level 5 of the Dungeon.
You worshipped Gozag.
Gozag was aware of your devotion.
You visited 1 branch of the dungeon, and saw 5 of its levels.

You collected 586 gold pieces.
You spent 194 gold pieces at shops.
You paid 21 gold pieces to Gozag.

Inventory:

Hand Weapons
 a - a +0 flail {Eiko}
 i - a +0 broad axe (offhand) {Myungok}
 x - a +0 hand axe (weapon) {Balvinder}
Missiles
 w - 2 throwing nets (quivered)
Armour
 b - a +0 scale mail (worn)
 c - a +0 buckler
Wands
 o - a wand of paralysis (2)
 s - a wand of digging (4)
 A - a wand of roots (12)
Scrolls
 f - a scroll of teleportation
 g - 2 scrolls of immolation
 h - a scroll of revelation {unknown}
 j - a scroll of torment {unknown}
 k - 2 scrolls of fog {unknown}
 m - a scroll of blinking
 n - a scroll of poison
 r - a scroll of brand weapon
 v - a scroll of amnesia
 y - a scroll of vulnerability
 z - 3 scrolls of enchant weapon
 B - a scroll of fear {unknown}
Potions
 d - 3 potions of might
 e - 2 potions of mutation {unknown}
 p - 4 potions of curing
 q - 2 potions of lignification {unknown}
 t - 2 potions of heal wounds
 u - 2 potions of brilliance
 C - a potion of enlightenment {unknown}
 D - a potion of ambrosia {unknown}


   Skills:
 - Level 3.0 Fighting
 + Level 7.9(8.2) Axes
 - Level 2.7(5.3) Maces & Flails
 - Level 2.6 Armour
 - Level 2.1 Shields


You had 6 spell levels left.
You didn't know any spells.
Your spell library contained the following spells:

 Spells                   Type           Power      Damage    Failure   Level
 Apportation              Tloc           0%         N/A       80%         1
 Magic Dart               Conj           0%         1d3       80%         1
 Necrotise                Necr           0%         1d4       80%         1
 Sting                    Conj/Alch      0%         1d3       80%         1
 Summon Small Mammal      Summ           0%         N/A       80%         1
 Searing Ray              Conj           0%         2d4       91%         2
 Inner Flame              Hex/Fire       0%         N/A       99%         3
 Fulminant Prism          Conj/Alch      0%         3d5       100%        4
 Irradiate                Conj/Alch      0%         3d11      100%        5
 Ignition                 Fire           0%         3d3       100%        8


Dungeon Overview and Level Annotations

Branches:
Dungeon (5/15)
 Temple: D:4-7

Altars:
Gozag
Kikubaaqudgha

Shops:
D:3 !   D:5 *

Annotations:
D:5 3 runed translucent doors, Killmatronix's ghost, amateur TrMo


Innate Abilities, Weirdness & Mutations

You can wield a second weapon in your off-hand.
It takes a long time for you to wield or remove held weapons.
Your first few attacks do less damage.
You cannot equip rings or amulets.


Message History

You barely miss the centaur with your +0 broad axe.
You slash the centaur with your +0 hand axe!
The centaur hits you but does no damage.
The centaur kicks you but does no damage.
Unknown command.
You hit the centaur with your +0 hand axe.
The centaur is heavily wounded.
You slash the centaur with your +0 broad axe!
The centaur hits you but does no damage.
The centaur kicks you but does no damage.
The adder is distracted by your dazzling golden aura.
Unknown command.
You slash the two-headed ogre with your +0 broad axe!
The two-headed ogre is lightly wounded.
You barely miss the iguana with your +0 broad axe.
You barely miss the two-headed ogre with your +0 hand axe.
You hit the iguana but do no damage.
The iguana bites you but does no damage.
Unknown command.
You barely miss the two-headed ogre with your +0 hand axe.
The two-headed ogre is lightly wounded.
You closely miss the iguana with your +0 hand axe.
You slash the two-headed ogre with your +0 broad axe!
You barely miss the iguana with your +0 broad axe.
The adder is no longer distracted by gold.
The iguana barely misses you.
The two-headed ogre barely misses you. x2
The centaur is distracted by your dazzling golden aura.
Unknown command.
You hit the two-headed ogre with your +0 hand axe.
The two-headed ogre is moderately wounded.
You hit the iguana with your +0 hand axe.
You hit the two-headed ogre but do no damage.
You hit the iguana with your +0 broad axe.
The iguana bites you!
The two-headed ogre hits you with a +0 giant spiked club!!
Ouch! That really hurt!
* * * LOW HITPOINT WARNING * * *
The two-headed ogre hits you with a +0 giant spiked club!
You die...
Your body crumbles into a pile of gold. ..ß O...⌠⌠⌠.. ###.###.. #.. .....#.[⌠.. #.# ##. ..ß .... .... # #.# #ZZ

.###.#####.#####.###. #.#####
.......#.....#......
###...)..
#....#..#..#....#####...).)..
#....###.................).
#..#.S#..#ls..#####.###..##
#..#.....#@#.## #.# #..#
#..###.###O#.######.# #..#
#.....S..cS#........# #..#
#............######## #..#
############## #..## #....
##... ####


You could see a two-headed ogre, a centaur, a scorpion, an iguana and an adder.

Vanquished Creatures
  Sigmund (D:5)
  An ice beast (D:4)
  An ogre (D:5)
  A scorpion (D:5)
  A howler monkey (D:4)
  An orc priest (D:4)
  A hound (D:5)
  2 iguanas
  2 orc wizards
  4 gnolls
  An adder (D:4)
  2 ufetubi (D:5)
  2 dart slugs
  A ribbon worm (D:3)
  8 orcs
  6 endoplasms
  4 giant cockroaches
  8 goblins
  4 hobgoblins
  4 jackals
  5 kobolds
  6 quokkas
  10 ball pythons
  3 bats
  2 frilled lizards
  2 rats
83 creatures vanquished.

Notes
Turn   | Place    | Note
-------+----------+-------------------------------------------
     0 | D:1      | DEFE the Coglin Fighter began the quest for the Orb.
     0 | D:1      | Reached XP level 1. HP: 18/18 MP: 1/1
    92 | D:1      | Reached XP level 2. HP: 24/24 MP: 2/2
   665 | D:1      | Reached skill level 1 in Axes
   926 | D:2      | Reached XP level 3. HP: 29/29 MP: 3/3
  1120 | D:2      | Found an opulent altar of Gozag.
  1207 | D:2      | Became a worshipper of Gozag Ym Sagoz the Greedy
  1434 | D:3      | Found a faded altar of an unknown god.
  1763 | D:3      | Reached skill level 2 in Axes
  1878 | D:3      | Found Icsyojau's Distillery.
  1881 | D:3      | Bought a potion of heal wounds for 60 gold pieces
  1881 | D:3      | Bought a potion of curing for 36 gold pieces
  2414 | D:3      | Bought a potion of brilliance for 48 gold pieces
  2592 | D:3      | Reached XP level 4. HP: 31/35 MP: 4/4
  2619 | D:4      | Reached skill level 3 in Axes
  2771 | D:4      | Reached XP level 5. HP: 35/41 MP: 5/5
  2774 | D:4      | Reached skill level 4 in Axes
  2920 | D:4      | Noticed an ice beast
  2928 | D:4      | Killed an ice beast
  2929 | D:4      | Reached skill level 5 in Axes
  2929 | D:4      | Reached XP level 6. HP: 47/47 MP: 6/6
  3504 | D:5      | Entered Level 5 of the Dungeon
  3526 | D:5      | Noticed Sigmund
  3533 | D:5      | Killed Sigmund
  3534 | D:5      | Reached skill level 6 in Axes
  3534 | D:5      | Reached XP level 7. HP: 52/52 MP: 7/7
  3545 | D:5      | Identified the +6 dagger "Giantslayer" {flame, rN+ Int+5
                  | Stlth-}
  3566 | D:5      | Reached skill level 7 in Axes
  3917 | D:5      | Found a runed translucent gate.
  3917 | D:5      | Found a runed translucent gate.
  3917 | D:5      | Found a runed translucent gate.
  3923 | D:5      | Noticed Killmatronix's ghost (amateur TrMo)
  4018 | D:5      | Found an ancient bone altar of Kikubaaqudgha.
  4086 | D:5      | Found Geph's Assorted Antiques.
  4092 | D:5      | Bought a scroll labelled VEMETU CEUCWIWULUS for 18 gold
                  | pieces
  4092 | D:5      | Bought a fizzy emerald potion for 16 gold pieces
  4092 | D:5      | Bought a sapphire potion for 16 gold pieces
  4239 | D:5      | Noticed a two-headed ogre
  4258 | D:5      | Slain by a two-headed ogre

Illustrated notes

Levels and vault maps discovered:
D:1:      elethiomel_arrival_maze, layout_basic, minmay_tiny_reverse_x
D:2:      layout_basic, basic_altar
D:3:      layout_basic, serial_shops, shop, dreamdust_ecumenical_altar_grove,
          grunt_ministairs_9, hangedman_glass_teeth
D:4:      cheibrodos_pilgrimage, layout_cave_pods
D:5:      layout_loops_ring, overflow_temple_1_default, serial_shops, shop,
          gammafunk_ghost_necromancy, minmay_chambers_of_fives, uniq_sigmund

Skill      XL: |  1  2  3  4  5  6  7 |
---------------+----------------------+-----
Maces & Flails | 2 |  2.7
Axes           | 1 2 3 5 6 7 |  7.9
Fighting       | |  3.0
Armour         | |  2.6
Shields        | |  2.1

Action                     |  1- 3 |  4- 6 |  7- 9 || total
---------------------------+-------+-------+-------++-------
  Melee: Flail             |    72 |    14 |       ||    86
         Broad axe         |    51 |    43 |    36 ||   130
         Hand axe          |       |    24 |    36 ||    60
  Evoke: Wand              |       |     2 |       ||     2
    Use: Scroll            |     6 |     1 |     1 ||     8
   Stab: Paralysed         |       |    10 |       ||    10
 Armour: Scale mail        |    65 |    37 |    33 ||   135
  Dodge: Dodged            |    48 |     6 |    19 ||    73
  Block: Buckler           |     6 |       |       ||     6

Table legend: (Time is in decaauts)
 A = Elapsed time spent in this place.
 B = Non-inter-level travel time spent in this place.
 C = Inter-level travel time spent in this place.
 D = Time resting spent in this place.
 E = Time spent auto-exploring this place.
 F = Levels seen in this place.
 G = Mean time per level.
                   A        B        C        D        E       F      G
               +--------+--------+--------+--------+--------+-----+--------+
         Total |   4300 |   4214 |     86 |    187 |   3412 |   5 |  860.0 |
       Dungeon |   4300 |   4214 |     86 |    187 |   3412 |   5 |  860.0 |
               +--------+--------+--------+--------+--------+-----+--------+

Top non-repeatable levels by time:
     D:4: 1072 daAuts
     D:3: 1023 daAuts
     D:5: 756 daAuts
     D:1: 725 daAuts
     D:2: 722 daAuts
